 Dungeon Crawl Stone Soup version 0.31-a0-640-g39d97e502b (webtiles) character file.

Game seed: 11663752478834091558

18164 olmar the Geomancer (level 11, -1/78 HPs)
             Began as a Demigod Earth Elementalist on Aug 27, 2023.
             Slain by a +2 vampiric scimitar (21 damage)
             ... on level 1 of the Elven Halls on Aug 28, 2023.
             The game lasted 00:31:10 (13909 turns).

olmar the Geomancer (Demigod Earth Elementalist)   Turns: 13909, Time: 00:31:11

Health: -1/78      AC:  7    Str:  9    XL:     11   Next: 99%
Magic:  17/29      EV: 12    Int: 29    God:
Gold:   1243       SH:  0    Dex: 17    Spells: 18/30 levels left

rFire   + + .        C - +4 long sword "Wigugecw" {drain, rN+}
rCold   . . .        (no shield)
rNeg    + + .        A - +0 troll leather armour
rPois   .            J - +0 helmet
rElec   .            E - scarf {rC+ rF+}
rCorr   .            (no gloves)
SInv    +            T - +2 pair of boots {Fly}
Will    +....        g - amulet of magic regeneration
Stlth   +++          u - ring of see invisible
HPRegen 1.13/turn    B - ring "Ruhih" {Fire rN+ Dex+3 Slay-2 Stlth+}
MPRegen 0.61/turn

%: no passive effects
@: flying
A: high MP 1, forlorn, divine attributes
a: no special abilities


You were on level 1 of the Elven Halls.
You visited 3 branches of the dungeon, and saw 15 of its levels.
You also visited: Gauntlet.

You collected 1243 gold pieces.

Inventory:

Hand Weapons
 d - a +2 dagger of freezing
 e - a +3 short sword of draining
 z - a +2 dagger of speed
 C - the +4 long sword "Wigugecw" (weapon) {drain, rN+}
   (You found it on level 10 of the Dungeon)

   rN+:       It protects you from negative energy.
 X - the +7 lajatang of Risumniodar {venom, Fragile Will+++}
   (You found it on level 1 of the Elven Halls)

   Will+++:   It greatly increases your willpower.
   Fragile:   It will be destroyed if unequipped.
Missiles
 G - 31 poisoned darts
 Q - 4 silver javelins
Armour
 a - a +0 robe
 f - an orb of guile
 m - a +3 ring mail
 y - a +2 robe
 A - a +0 troll leather armour (worn)
 E - a scarf of resistance (worn)
 F - +0 steam dragon scales
 J - a +0 helmet (worn)
 M - the +0 robe of Ireov {rElec MP-9 SInv}
   (You found it on level 10 of the Dungeon)

   rElec:     It insulates you from electricity.
   MP-9:      It affects your magic capacity (-9).
   SInv:      It lets you see invisible.
 T - a +2 pair of boots of flying (worn)
Magical Staves
 P - a staff of earth
 U - a staff of fire
Jewellery
 g - an amulet of magic regeneration (around neck)
 q - an amulet of guardian spirit
 r - a +6 ring of dexterity
 u - a ring of see invisible (left hand)
 w - a ring of protection from fire
 B - the ring "Ruhih" (right hand) {Fire rN+ Dex+3 Slay-2 Stlth+}
   (You acquired it in a Gauntlet)

   [ring of fire]

   Fire:      It enhances your fire magic.
   Dex+3:     It affects your dexterity (+3).
   Slay-2:    It affects your accuracy & damage with ranged weapons and melee
   (-2).
   rF+:       It protects you from fire.
   rC-:       It makes you vulnerable to cold.
   rN+:       It protects you from negative energy.
   Stlth+:    It makes you more stealthy.
 I - a +4 ring of slaying
 O - a ring of resist corrosion
Wands
 D - a wand of quicksilver (7)
 H - a wand of iceblast (3)
 L - a wand of flame (21)
 N - a wand of digging (5)
 W - a wand of paralysis (2)
Scrolls
 h - 2 scrolls of immolation
 k - a scroll of brand weapon
 s - 3 scrolls of vulnerability
 t - 3 scrolls of enchant weapon
 x - 2 scrolls of silence
 S - a scroll of revelation
 V - 2 scrolls of noise
Potions
 c - 2 potions of curing
 i - 3 potions of attraction
 j - 2 potions of heal wounds
 l - 3 potions of brilliance
 n - a potion of enlightenment
 o - 5 potions of degeneration
 p - a potion of cancellation
 v - 2 potions of mutation
 K - a potion of haste
 R - a potion of lignification {unknown}


   Skills:
 + Level 1.5 Fighting
 + Level 2.3 Armour
 + Level 3.1 Dodging
 - Level 1.7 Stealth
 + Level 10.2 Spellcasting
 + Level 8.7 Conjurations
 + Level 0.2 Translocations
 + Level 2.9 Transmutations
 + Level 11.8 Earth Magic


You had 18 spell levels left.
You knew the following spells:

 Your Spells              Type           Power      Damage    Failure   Level
a - Sandblast             Erth           100%       2d20      1%          1
b - Passwall              Tmut/Erth      45%        N/A       1%          2
c - Stone Arrow           Conj/Erth      100%       3d13      1%          3
d - Petrify               Tmut/Erth      55%        N/A       2%          4
e - Blink                 Tloc           32%        N/A       7%          2

Your spell library contained the following spells:

 Spells                   Type           Power      Damage    Failure   Level
 Static Discharge         Conj/Air       80%        2-6/arc   1%          2
 Sting                    Tmut/Pois      92%        1d7       2%          1
 Hailstorm                Conj/Ice       40%        3d10      2%          3
 Freeze                   Ice            56%        1d7       4%          1
 Ensorcelled Hibernation  Hex/Ice        28%        N/A       8%          2
 Poisonous Vapours        Pois/Air       28%        N/A       8%          2
 Frozen Ramparts          Ice            28%        1d5       16%         3
 Tukima's Dance           Hex            14%        N/A       16%         3
 Arcjolt                  Conj/Air       20%        1d30      22%         5
 Manifold Assault         Tloc           16%        N/A       41%         4
 Passage of Golubria      Tloc           16%        N/A       41%         4
 Vhi's Electric Charge    Tloc/Air       30%        N/A       43%         4
 Airstrike                Air            7%         2d(1-17)  45%         4
 Anguish                  Hex/Necr       7%         N/A       45%         4
 Olgreb's Toxic Radiance  Pois           14%        N/A       45%         4
 Summon Lightning Spire   Summ/Air       14%        N/A       45%         4
 Yara's Violent Unravell  Hex/Tmut       11%        3d6       58%         5
 Maxwell's Capacitive Co  Air            7%         ∞         100%        8


Dungeon Overview and Level Annotations

Branches:
Dungeon (12/15)            Temple (0/1) D:7            Lair (0/5) D:10
    Orc (2/2) D:9             Elf (1/3) Orc:2       Gauntlet (visited)

Shops:
D:2 (   Orc:1 (   Orc:2 (**(

Portals:
Desolation: Elf:1

Annotations:
D:3 1 runed translucent door, Crazy Yiuf
D:4 Blork the orc
D:5 3 runed translucent doors, Age's ghost, novice MiFi
D:11 4 transporters
D:12 Sonja
Orc:1 4 transporters
Orc:2 2 transporters, RepHenryClay's ghost, journeyman MfWr
Elf:1 Azrael


Innate Abilities, Weirdness & Mutations

You have an increased reservoir of magic. (+10% MP)
You shall have no god before yourself.
Your divine heritage dramatically boosts your attributes as you level up.


Message History

Press: ? - help, Q - select action, (/) - cycle Shift-Dir - straight line, f/p - Azrael
Aim: Azrael, wielding a +2 scimitar of flaming (92% to hit)
The stone arrow hits the hell hound!!
The hell hound is severely wounded.
The hell hound completely misses you. Azrael gestures at you.
The fireball explodes!
The fireball engulfs the hell hound.
The hell hound completely resists.
The fireball engulfs you! You resist.
Okay, then.
As you read the scroll of teleportation, it crumbles to dust.
You feel strangely unstable. The hell hound bites you!
A +3 mace of pain comes into view.
The hell hound breathes flames at you.
The blast of flame hits Azrael.
Azrael completely resists.
The blast of flame hits the hell hound.
The hell hound completely resists.
The blast of flame hits you. You resist.
* * * LOW HITPOINT WARNING * * *
A fire elemental comes into view.
The hell hound bites you!
* * * LOW HITPOINT WARNING * * *
Unknown command.
You see here a hell hound corpse.
Unknown command.
Your surroundings suddenly seem different.
A +2 vampiric scimitar comes into view.
Found a runed orb.
Unknown command.
Aiming: Stone Arrow (safe; 1% risk of failure)
Press: ? - help, Q - select action, (/) - cycle Shift-Dir - straight line, f - +2 vampiric scimitar
Aim: a +2 vampiric scimitar (wandering, hasn't noticed you, 55% to hit)
The stone arrow hits the +2 vampiric scimitar!
The +2 vampiric scimitar is moderately damaged.
Unknown command.
Aiming: Stone Arrow (safe; 1% risk of failure)
Press: ? - help, Q - select action, (/) - cycle Shift-Dir - straight line, f/p - +2 vampiric scimitar
Aim: a +2 vampiric scimitar (lightly damaged, 55% to hit)
The stone arrow hits the +2 vampiric scimitar!
The +2 vampiric scimitar is severely damaged.
The +2 vampiric scimitar hits you!!
You die...

#.#.....#.#
#.........#
#.........#
#.........#
#.........#
#.........#
####.(...##
#.....@...#
#.##.##.#.#
#.# ... #.
..... #
..[### .#.#
##.# ...#


You could see a +2 vampiric scimitar.

Vanquished Creatures
  A minotaur (Gauntlet)
  A catoblepas (Gauntlet)
  A boulder beetle (D:10)
  3 two-headed ogres
  A deep elf zephyrmancer (Elf:1)
  A manticore (D:11)
  2 orc sorcerers (Orc:1)
  2 cyclopes
  A smoke demon (Gauntlet)
  3 gargoyles
  2 unseen horrors
  2 trolls
  Prince Ribbit (D:7)
  12 flying skulls (Gauntlet)
  A wraith (D:11)
  A shadow (D:10)
  A vampire (D:11)
  3 wyverns
  14 yaks
  2 steam dragons
  Menkaure (D:4)
  A warg (Orc:1)
  A water moccasin (D:6)
  An acid dragon (D:9)
  Duvessa (D:7)
  9 orc warriors
  2 hell hounds (Elf:1)
  A black bear (D:6)
  An ice beast (D:7)
  5 ogres
  3 centaurs
  3 kobold brigands
  A bullfrog (D:7)
  3 scorpions
  3 wights (D:10)
  Dowan (D:7)
  6 killer bees
  7 howler monkeys
  2 crimson imps (Gauntlet)
  6 hounds
  2 jellies
  14 orc priests
  2 sleepcaps
  5 iguanas
  16 orc wizards
  4 gnolls
  5 adders
  A white imp (D:6)
  3 worms
  3 dart slugs
  65 orcs
  15 ball pythons
  5 bats
  5 endoplasms
  5 giant cockroaches
  8 hobgoblins
  13 jackals
  22 kobolds
  4 quokkas
  4 frilled lizards
  6 goblins
  5 rats
325 creatures vanquished.

Notes
Turn   | Place    | Note
-------+----------+-------------------------------------------
     0 | D:1      | olmar the Demigod Earth Elementalist began the quest for
                  | the Orb.
     0 | D:1      | Reached XP level 1. HP: 14/14 MP: 5/5
    81 | D:1      | Reached skill level 3 in Earth Magic
   587 | D:1      | Reached XP level 2. HP: 20/20 MP: 2/7
   660 | D:1      | Learned a level 2 spell: Passwall
  1400 | D:1      | Reached XP level 3. HP: 26/26 MP: 6/9
  1733 | D:2      | Found Culiph's Weapon Shoppe.
  2060 | D:2      | Learned a level 3 spell: Stone Arrow
  2433 | D:2      | Reached skill level 4 in Earth Magic
  2433 | D:2      | Reached XP level 4. HP: 33/33 MP: 8/10
  3157 | D:3      | Reached XP level 5. HP: 38/38 MP: 10/12
  3199 | D:3      | Reached skill level 1 in Conjurations
  3393 | D:3      | Reached skill level 5 in Earth Magic
  3808 | D:3      | Found a runed translucent door.
  3809 | D:3      | Noticed Crazy Yiuf
  3860 | D:4      | Reached XP level 6. HP: 45/45 MP: 11/13
  4270 | D:4      | Noticed Blork the orc
  4373 | D:4      | Reached skill level 6 in Earth Magic
  4738 | D:4      | Learned a level 4 spell: Petrify
  4775 | D:4      | Noticed Menkaure
  4779 | D:4      | Killed Menkaure
  4780 | D:4      | Reached XP level 7. HP: 50/50 MP: 8/15
  5087 | D:5      | Entered Level 5 of the Dungeon
  5156 | D:5      | Reached skill level 7 in Earth Magic
  5276 | D:5      | Found a runed translucent gate.
  5277 | D:5      | Found a runed translucent gate.
  5281 | D:5      | Noticed Age's ghost (novice MiFi)
  5297 | D:5      | Found a runed translucent gate.
  6038 | D:6      | Reached XP level 8. HP: 36/57 MP: 4/18
  6049 | D:6      | Learned a level 2 spell: Blink
  6771 | D:6      | Reached skill level 5 in Spellcasting
  7292 | D:7      | Noticed Prince Ribbit
  7296 | D:7      | Killed Prince Ribbit
  7297 | D:7      | Reached skill level 8 in Earth Magic
  7579 | D:7      | Noticed Dowan
  7580 | D:7      | Noticed Duvessa
  7586 | D:7      | Killed Duvessa
  7591 | D:7      | Killed Dowan
  7773 | D:7      | Reached skill level 1 in Transmutations
  7827 | D:7      | Reached XP level 9. HP: 62/62 MP: 15/21
  7970 | D:7      | Found a staircase to the Ecumenical Temple.
  8157 | D:8      | Reached skill level 5 in Conjurations
  8800 | D:9      | Reached skill level 9 in Earth Magic
  9249 | D:9      | Found a staircase to the Orcish Mines.
  9269 | D:9      | Noticed a cyclops
  9284 | D:9      | Killed a cyclops
  9564 | D:9      | Reached XP level 10. HP: 69/69 MP: 19/25
  9978 | D:10     | Entered Level 10 of the Dungeon
 10148 | D:10     | Found a staircase to the Lair.
 10238 | D:10     | Noticed a boulder beetle
 10271 | D:10     | Identified the +0 robe of Ireov {rElec MP-9 SInv}
 10316 | D:10     | Reached skill level 10 in Earth Magic
 10756 | D:10     | Killed a boulder beetle
 10959 | D:10     | Identified the +4 long sword "Wigugecw" {drain, rN+}
 11384 | D:11     | Noticed a two-headed ogre
 11397 | D:11     | Killed a two-headed ogre
 11461 | D:11     | Found a gate leading to a gauntlet.
 11486 | Gauntlet | Entered a Gauntlet
 11486 | Gauntlet | Found a runed translucent door.
 11486 | Gauntlet | Found a transporter.
 11486 | Gauntlet | Found a transporter.
 11486 | Gauntlet | Found a runed translucent door.
 11492 | Gauntlet | Noticed a smoke demon
 11497 | Gauntlet | Found a transporter.
 11498 | Gauntlet | Found a transporter.
 11499 | Gauntlet | Found a transporter.
 11501 | Gauntlet | Found a transporter.
 11507 | Gauntlet | Found a transporter.
 11508 | Gauntlet | Found a runed translucent door.
 11510 | Gauntlet | Found a transporter.
 11510 | Gauntlet | Found a transporter.
 11512 | Gauntlet | Found a transporter.
 11514 | Gauntlet | Noticed a catoblepas
 11520 | Gauntlet | Found a transporter.
 11522 | Gauntlet | Found a transporter.
 11522 | Gauntlet | Noticed a fire crab
 11704 | Gauntlet | Identified a scroll of acquirement
 11704 | Gauntlet | Acquired the ring "Ruhih" {Fire rN+ Dex+3 Slay-2 Stlth+}
 11738 | Gauntlet | Killed a smoke demon
 11885 | Gauntlet | Killed a catoblepas
 11886 | Gauntlet | Reached XP level 11. HP: 47/75 MP: 15/28
 11972 | Gauntlet | Reached skill level 1 in Fighting
 11974 | Gauntlet | Reached skill level 11 in Earth Magic
 11976 | Gauntlet | Reached skill level 1 in Armour
 12107 | Gauntlet | Noticed a minotaur
 12123 | Gauntlet | Killed a minotaur
 12474 | D:11     | Found a transporter.
 12500 | D:11     | Found a transporter.
 12517 | D:11     | Found a transporter.
 12637 | D:11     | Found a transporter.
 12747 | D:12     | Noticed Sonja
 12748 | D:12     | Noticed a skeletal warrior
 12836 | Orc:1    | Entered Level 1 of the Orcish Mines
 12836 | Orc:1    | Found Osepnopn's Weapon Emporium.
 12928 | Orc:1    | Paralysed by an orc sorcerer for 4 turns
 13039 | Orc:1    | Noticed a two-headed ogre
 13043 | Orc:1    | Killed a two-headed ogre
 13044 | Orc:1    | Reached skill level 10 in Spellcasting
 13258 | Orc:1    | Paralysed by an orc sorcerer for 2 turns
 13314 | Orc:1    | Found a transporter.
 13319 | Orc:1    | Found a transporter.
 13442 | Orc:1    | Noticed an orc knight
 13443 | Orc:1    | Found a transporter.
 13462 | Orc:1    | Found a transporter.
 13463 | Orc:1    | Noticed an orc warlord
 13482 | Orc:1    | Noticed an orc knight
 13543 | Orc:2    | Entered Level 2 of the Orcish Mines
 13545 | Orc:2    | Found a transporter.
 13548 | Orc:2    | Noticed RepHenryClay's ghost (journeyman MfWr)
 13712 | Orc:2    | Found a transporter.
 13736 | Orc:2    | Noticed a two-headed ogre
 13736 | Orc:2    | Noticed a two-headed ogre
 13769 | Orc:2    | Noticed a two-headed ogre
 13789 | Orc:2    | Killed a two-headed ogre
 13800 | Orc:2    | Found Igez's General Store.
 13800 | Orc:2    | Found Maat's Antique Weapon Shop.
 13800 | Orc:2    | Found Uzxuigg's Weapon Boutique.
 13800 | Orc:2    | Found Caloaki's Assorted Antiques.
 13800 | Orc:2    | Noticed a two-headed ogre
 13800 | Orc:2    | Noticed a two-headed ogre
 13800 | Orc:2    | Noticed a two-headed ogre
 13800 | Orc:2    | Noticed an ogre mage
 13800 | Orc:2    | Noticed a two-headed ogre
 13800 | Orc:2    | Noticed a two-headed ogre
 13801 | Orc:2    | Noticed a two-headed ogre
 13803 | Orc:2    | Found a staircase to the Elven Halls.
 13807 | Orc:2    | Noticed a two-headed ogre
 13814 | Elf:1    | Entered Level 1 of the Elven Halls
 13851 | Elf:1    | Found a crumbling gateway.
 13881 | Elf:1    | Identified the +7 lajatang of Risumniodar {venom, Fragile
                  | Will+++}
 13886 | Elf:1    | Noticed a deep elf pyromancer
 13899 | Elf:1    | Noticed a deep elf zephyrmancer
 13899 | Elf:1    | Noticed Azrael
 13900 | Elf:1    | Killed a deep elf zephyrmancer
 13904 | Elf:1    | Noticed a +3 mace of pain
 13907 | Elf:1    | Noticed a +2 vampiric scimitar
 13909 | Elf:1    | Slain by a +2 vampiric scimitar

Illustrated notes

Levels and vault maps discovered:
D:1:      dpeg_arrival_court, layout_basic, chequers_serial_rivers_micro_a
D:2:      layout_rooms, serial_shops, shop
D:3:      layout_rooms, nicolae_uskayaw_murder_on_the_dancefloor,
          solitary_fountain, chequers_serial_rivers_micro_e,
          grunt_ministairs_12, minmay_goblin_kobold_house,
          uniq_crazy_yiuf_cottage
D:4:      nicolae_BIG_FREAKIN_CUBE, layout_basic, cheibrodos_worm_habitat,
          kennysheep_orc_chapel, uniq_blork_the_orc, uniq_menkaure
D:5:      layout_loops_ring, mainiacjoe_overflow_brackets,
          gammafunk_ghost_split, feat_on_display
D:6:      layout_loops_ring, nicolae_overflow_two_pavilions,
          reono_crystal_passage, kennysheep_generic_room_13
D:7:      layout_basic, grunt_dithmenos_smoke,
          minmay_temple_entry_enclosed_plants, minivault_24,
          kennysheep_small_circle, uniq_prince_ribbit1, uniq_duvessa
D:8:      layout_cave_pods, kennysheep_little_box, old_standard_altar,
          kennysheep_generic_room_12
D:9:      layout_basic, orc_0_dummy
D:10:     layout_loops_ring, mainiacjoe_overflow_paths, lair_entry_dummy
D:11:     layout_roguey, gauntlet_entry_generic,
          nicolae_transporter_intersection
D:12:     nrook_guardian_serpent_snake_passage, layout_cave_pools,
          chequers_serial_rivers_micro_a, uniq_erolcha, uniq_sonja
Orc:1:    dreamdust_wu_jian_sword_trials, layout_caves, serial_shops, shop
Orc:2:    st_orc_ogre_mass, layout_diamond_mine, gammafunk_ghost_stat_death,
          uniq_maurice
Elf:1:    layout_loops_corners, portal_desolation_entry_nicolae_slug,
          minmay_elf_crystal_heptagon, uniq_louise, uniq_zenata, uniq_azrael

Skill      XL: |  1  2  3  4  5  6  7  8  9 10 11 |
---------------+----------------------------------+-----
Earth Magic    | 3 4 5 6 7 8 9 10 11 | 11.8
Spellcasting   | 2 3 4 6 7 9 10 | 10.2
Conjurations   | 1 2 3 4 6 7 8 |  8.7
Transmutations | 1 2 |  2.9
Dodging        | 2 3 |  3.1
Fighting       | 1 |  1.5
Armour         | 2 |  2.3
Stealth        | |  1.7
Translocations | |  0.2

Action                     |  1- 3 |  4- 6 |  7- 9 | 10-12 || total
---------------------------+-------+-------+-------+-------++-------
  Melee: Unarmed           |    26 |       |       |       ||    26
         Short sword       |       |     1 |       |       ||     1
         Long sword        |       |       |       |    31 ||    31
   Cast: Sandblast         |    70 |   106 |     5 |    15 ||   196
         Stone Arrow       |       |    15 |   158 |   238 ||   411
         Petrify           |       |       |     6 |    12 ||    18
         Passwall          |       |       |     1 |       ||     1
         Blink             |       |       |       |     1 ||     1
  Evoke: Wand              |       |       |       |     6 ||     6
    Use: Scroll            |     1 |     9 |     5 |     8 ||    23
         Potion            |       |       |     2 |    10 ||    12
   Stab: Petrified         |       |       |       |     8 ||     8
 Armour: Robe              |    10 |     5 |     1 |       ||    16
         Steam dragon scal |       |       |     2 |     2 ||     4
         Troll leather arm |       |       |       |    35 ||    35
  Dodge: Dodged            |    40 |    28 |    23 |    71 ||   162

Table legend: (Time is in decaauts)
 A = Elapsed time spent in this place.
 B = Non-inter-level travel time spent in this place.
 C = Inter-level travel time spent in this place.
 D = Time resting spent in this place.
 E = Time spent auto-exploring this place.
 F = Levels seen in this place.
 G = Mean time per level.
                   A        B        C        D        E       F      G
               +--------+--------+--------+--------+--------+-----+--------+
         Total |  14002 |  13382 |    620 |   4403 |   6554 |  16 |  875.1 |
       Dungeon |  12311 |  11701 |    610 |   3939 |   5959 |  12 | 1025.9 |
  Orcish Mines |    920 |    910 |     10 |    242 |    445 |   2 |  460.0 |
   Elven Halls |     94 |     94 |      0 |     32 |     29 |   1 |   94.0 |
      Gauntlet |    675 |    675 |      0 |    190 |    121 |   1 |  675.0 |
               +--------+--------+--------+--------+--------+-----+--------+

Top non-repeatable levels by time:
     D:1: 1878 daAuts
     D:6: 1389 daAuts
    D:10: 1312 daAuts
     D:4: 1255 daAuts
     D:9: 1234 daAuts
     D:2: 1210 daAuts
     D:8: 966 daAuts
     D:3: 839 daAuts
     D:5: 794 daAuts
     D:7: 707 daAuts
Gauntlet: 675 daAuts
    D:11: 672 daAuts
   Orc:1: 649 daAuts
   Orc:2: 270 daAuts
   Elf:1: 94 daAuts
